 Dungeon Crawl Stone Soup version 0.27.0-1-g7a089689b8 (webtiles) character file.

Game seed: 13468938815504291266

26212 freelancePsychic the Basher (level 12, -4/113 (115) HPs)
             Began as a Minotaur Chaos Knight on Aug 10, 2021.
             Was a High Priest of Zin.
             Slain by a large abomination (22 damage)
             ... on level 3 of the Abyss.
             The game lasted 00:32:27 (12642 turns).

freelancePsychic the Basher (MiCK)                 Turns: 12642, Time: 00:32:33

HP:   -4/113 (115)  AC: 17    Str: 25    XL:     12   Next: 96%
MP:   14/15         EV:  7    Int: 11    God:    Zin [*****.]
Gold: 1359          SH: 14    Dex: 11    Spells: 11/11 levels left

rFire    + . .     SeeInvis .   C - +3 flail (protect)
rCold    . . .     Faith    .   r - +0 kite shield {rF+}
rNeg     . . .     Spirit   .   B - +0 plate armour
rPois    ∞         Reflect  .   (helmet restricted)
rElec    .         Harm     .   c - +0 cloak
rCorr    .         Rampage  .   y - +2 pair of gloves
Will     .....                  (no boots)
Stlth    ..........             (no amulet)
HPRegen  0.28/turn              j - ring of poison resistance
MPRegen  0.14/turn              (no ring)

@: vitalised, about to teleport, on recite cooldown, lightly drained
A: horns 2, retaliatory headbutt
a: Renounce Religion, Recite, Vitalisation, Imprison, Sanctuary, Donate Gold


You were on level 3 of the Abyss.
You worshipped Zin.
Zin was extremely pleased with you.
You visited 2 branches of the dungeon, and saw 13 of its levels.
You visited the Abyss 1 time.
You also visited: Sewer and Bailey.

You collected 1659 gold pieces.
You spent 150 gold pieces at shops.
You donated 150 gold pieces to Zin.

Inventory:

Hand Weapons
 C - a +3 flail of protection (weapon)
Missiles
 h - 32 poisoned darts (quivered)
 D - 41 boomerangs
 L - 2 throwing nets
Armour
 b - a +2 leather armour
 c - a +0 cloak (worn)
 e - a +0 chain mail
 g - a +0 pair of gloves
 r - a +0 kite shield of fire resistance (worn)
 y - a +2 pair of gloves (worn)
 B - a +0 plate armour (worn)
Jewellery
 j - a ring of poison resistance (left hand)
 k - a ring of magical power
 p - a ring of flight
Wands
 d - a wand of acid (12)
 A - a wand of polymorph (11)
 H - a wand of iceblast (6)
 I - a wand of paralysis (3)
Scrolls
 a - 2 scrolls of fear
 m - 3 scrolls of noise
 o - 2 scrolls of enchant weapon
 q - 2 scrolls of brand weapon
 u - 2 scrolls of identify {@r1}
 F - a scroll of magic mapping
 G - a scroll of holy word
 K - 2 scrolls of blinking
Potions
 f - a potion of attraction
 i - 6 potions of curing {@q1}
 l - 2 potions of flight {unknown}
 n - 3 potions of might {unknown}
 t - a potion of magic {unknown}
 v - a potion of resistance
 w - 2 potions of heal wounds {@q2}
 x - 2 potions of invisibility {unknown}
 z - a potion of ambrosia {unknown}
 E - a potion of cancellation {unknown}
 J - a potion of brilliance {unknown}


   Skills:
 + Level 13.1 Fighting
 - Level 14.2 Maces & Flails
 - Level 7.3 Armour
 - Level 1.1 Dodging
 + Level 14.1 Shields
 + Level 6.0 Invocations


You had 11 spell levels left.
You didn't know any spells.
Your spell library contained the following spells:

 Spells                   Type           Power      Damage    Failure   Level
 Corona                   Hex            0%         N/A       99%         1
 Ensorcelled Hibernation  Hex/Ice        0%         N/A       100%        2
 Static Discharge         Conj/Air       0%         N/A       100%        2
 Tukima's Dance           Hex            0%         N/A       100%        3
 Animate Armour           Summ/Erth      0%         N/A       100%        4
 Dispel Undead            Necr           0%         3d6       100%        4
 Sticky Flame             Conj/Fire      0%         2d3       100%        4
 Blade Hands              Tmut           0%         N/A       100%        5
 Freezing Cloud           Conj/Ice/Air   0%         6-21      100%        5
 Iron Shot                Conj/Erth      0%         9d1       100%        6
 Simulacrum               Ice/Necr       0%         N/A       100%        6
 Borgnjor's Revivificati  Necr           0%         N/A       100%        8
 Necromutation            Tmut/Necr      0%         N/A       100%        8
 Death's Door             Necr           0%         N/A       100%        9
 Polar Vortex             Ice            0%         N/A       100%        9


Dungeon Overview and Level Annotations

Branches:
Dungeon (14/15)            Temple (1/1) D:7            Lair (0/6) D:8
  Sewer (visited)          Bailey (visited)
    Orc: D:9-12      Vaults: D:13-14

Altars:
Ashenzari
Cheibriados
Dithmenos
Elyvilon
Fedhas
Gozag
Hepliaklqana
Kikubaaqudgha
Makhleb
Nemelex Xobeh
Okawaru
Qazlal
Ru
Sif Muna
Trog
Uskayaw
Vehumet
Wu Jian
Xom
Yredelemnul
Zin
The Shining One

Shops:
D:5 [

Portals:
Trove: D:10 (give +3 gold dragon scales)

Annotations:
D:5 1 runed translucent door, Crazy Yiuf
D:9 2 runed translucent doors
D:10 1 runed translucent door, SkeletonJelly's ghost, journeyman DrMo


Innate Abilities, Weirdness & Mutations

You have a pair of horns on your head.
You reflexively headbutt those who attack you in melee.


Message History

The small abomination is seared!
You block the large abomination's attack. "...the wrath of Zin, and thus be purified!"
You finish reciting Apostates 10:29.
The small abomination is seared!
As you read the scroll of teleportation {@r4}, it crumbles to dust.
You feel strangely unstable.
You feel the power of the Abyss delaying your translocation!
A raiju comes into view.
The large abomination hits you.
* * * LOW HITPOINT WARNING * * *
The small abomination is seared!
The small abomination is seared! 2 spatial vortices and a large abomination come into view.
The small abomination is seared!
You destroy the small abomination!
Zin accepts your kill.
A spatial vortex comes into view.
A spatial vortex comes into view.
The large abomination hits you!!
* * * LOW HITPOINT WARNING * * *
A spatial vortex comes into view.
You feel much better. The raiju bites you.
* * * LOW HITPOINT WARNING * * *
The raiju shocks you!
* * * LOW HITPOINT WARNING * * *
The large abomination completely misses you.
You furiously retaliate!
You headbutt the large abomination.
A thrashing horror comes into view.
The thrashing horror roars!
You block the large abomination's attack.
You feel much better.
A spatial vortex comes into view.
You block the large abomination's attack.
The large abomination hits you!!
* * * LOW HITPOINT WARNING * * *
A spatial vortex comes into view.
The large abomination hits you!!
You die...
Xom is highly amused!

§.# .. ..## .#.. .
##...#. #.... .#.#...
..#.###.#...##.# ###
.....##...##.#####..x
#X..##..#...##.##..
#..X#X##.##.....#x .
#.Xh.....#.. .. ##
#@#......#..#..#
#.....####.#..## ...
#..##.# ...#. ### ..
#... ..# ###.##.. ..
#.# .#.# #.#..... #
.v. ..#.# # ##.#.## .
... .# ..# #..# .. #.
##. ... #.. ...


You could see a spatial vortex, a thrashing horror, 3 large abominations and a
raiju.

Vanquished Creatures
  An orc warlord (Bailey)
  A centaur warrior (D:8)
  A two-headed ogre (D:8)
  2 large abominations (Abyss:3)
  An apocalypse crab (Abyss:3)
  2 smoke demons (Abyss:3)
  An unseen horror (D:10)
  2 kobold demonologists (D:9)
  A hellion (Abyss:3)
  2 trolls
  2 hornets
  Grinder (D:5)
  5 raiju (Abyss:3)
  4 slime creatures
  A yak (D:7)
  A shadow (D:10)
  4 wyverns
  A basilisk (D:7)
  A golden eye (Abyss:3)
  7 vampire mosquitoes (D:11)
  4 small abominations
  3 steam dragons
  3 water moccasins
  Edmund (D:5)
  2 acid dragons
  2 black bears
  5 orc warriors
  A sky beast (D:8)
  Purgy (Sewer)
  2 ice beasts
  4 ogres
  2 necrophages
  2 phantoms (D:6)
  7 centaurs
  2 kobold brigands (D:9)
  A bullfrog (D:7)
  A scorpion (D:6)
  15 killer bees
  5 wights
  A crimson imp (Abyss:3)
  A centaur zombie (D:9)
  4 hounds
  3 bullfrog skeletons
  A bullfrog zombie (D:6)
  3 orc priests (D:6)
  6 jellies
  2 iron imps (Abyss:3)
  7 orc wizards
  Ijyb (D:5)
  2 iguanas (D:5)
  Natasha (thrice) (D:3)
  2 howler monkey zombies
  10 adders
  10 gnolls
  A river rat (D:3)
  An adder skeleton (D:4)
  A worm (D:5)
  5 dart slugs
  31 orcs
  5 endoplasms
  3 giant cockroaches
  9 goblins
  6 hobgoblins
  A quokka (D:4)
  12 ball pythons
  5 bats
  4 frilled lizards
  26 kobolds
  12 rats
282 creatures vanquished.

Vanquished Creatures (others)
  2 small abominations (Abyss:3)
  A killer bee (D:8)
  A starspawn tentacle (Abyss:3)
4 creatures vanquished.

Grand Total: 286 creatures vanquished

Notes
Turn   | Place    | Note
-------+----------+-------------------------------------------
     0 | D:1      | freelancePsychic the Minotaur Chaos Knight began the quest
                  | for the Orb.
     0 | D:1      | Reached XP level 1. HP: 19/19 MP: 0/0
   174 | D:1      | XOM: divination: detect items
   230 | D:1      | Reached XP level 2. HP: 27/27 MP: 1/1
   253 | D:1      | XOM: 3-stop teleportation journey
   280 | D:1      | XOM: noise
   833 | D:1      | Reached XP level 3. HP: 30/33 MP: 2/2
  1067 | D:2      | XOM: enchant monster (bad)
  1262 | D:2      | XOM: noise
  1287 | D:2      | Found a shimmering altar of Xom.
  1363 | D:2      | XOM: god gift: ring of flight
  1718 | D:3      | Found a glowing drain.
  1723 | D:3      | Reached skill level 5 in Maces & Flails
  1729 | D:3      | Reached XP level 4. HP: 17/41 MP: 3/3
  1878 | Sewer    | Entered a sewer
  1952 | Sewer    | Noticed Purgy
  1959 | Sewer    | Killed Purgy
  1960 | Sewer    | Reached XP level 5. HP: 44/47 MP: 4/4
  2186 | D:3      | Noticed Natasha
  2191 | D:3      | Killed Natasha
  2254 | D:3      | Noticed a glowing shapeshifter
  2254 | D:3      | an endoplasm changed into a glowing shapeshifter
  2254 | D:3      | Noticed a swamp dragon
  2254 | D:3      | a glowing shapeshifter changed into a swamp dragon
  2257 | D:3      | XOM: confusion
  2258 | D:3      | XOM: confuse monster(s)
  2258 | D:3      | Noticed a merfolk
  2258 | D:3      | a swamp dragon changed into a merfolk
  2378 | D:3      | XOM: scenery: create altars
  2455 | D:3      | Reached skill level 5 in Fighting
  2505 | D:3      | Noticed Natasha
  2515 | D:3      | Killed Natasha
  2526 | D:3      | Noticed Natasha
  2533 | D:3      | Killed Natasha
  2542 | D:3      | Noticed a quicksilver dragon
  2551 | D:3      | Noticed an alligator snapping turtle
  2551 | D:3      | Noticed a quicksilver dragon
  2551 | D:3      | an alligator snapping turtle changed into a quicksilver
                  | dragon
  2553 | D:3      | Noticed a frost giant
  2553 | D:3      | a quicksilver dragon changed into a frost giant
  2555 | D:3      | Noticed a shadow dragon
  2555 | D:3      | a frost giant changed into a shadow dragon
  2594 | D:3      | Reached XP level 6. HP: 56/56 MP: 5/5
  2764 | D:3      | Noticed a frost giant
  2804 | D:4      | You fall into a shaft and drop 2 floors!
  2809 | D:6      | XOM: noise
  2868 | D:6      | XOM: silly message
  2897 | D:6      | Noticed a water moccasin
  2903 | D:6      | XOM: enchant monster (good)
  2912 | D:6      | Killed a water moccasin
  2929 | D:6      | Reached XP level 7. HP: 38/62 MP: 6/6
  2953 | D:6      | XOM: potion effect (might)
  3004 | D:6      | XOM: divination: detect items
  3030 | D:6      | XOM: god gift: 21 stones
  3143 | D:6      | Reached skill level 5 in Armour
  3145 | D:6      | Found a shadowy altar of Dithmenos.
  3360 | D:6      | XOM: silly message
  3404 | D:6      | XOM: noise
  3473 | D:6      | Reached XP level 8. HP: 47/71 MP: 7/7
  3822 | D:5      | Entered Level 5 of the Dungeon
  4138 | D:4      | XOM: noise
  4265 | D:4      | XOM: noise
  4273 | D:4      | XOM: enchant monster (good)
  4408 | D:3      | XOM: divination: magic mapping
  4672 | D:4      | XOM: silly message
  5029 | D:5      | Found a runed translucent door.
  5030 | D:5      | Noticed Crazy Yiuf
  5253 | D:5      | Reached skill level 10 in Maces & Flails
  5309 | D:5      | XOM: 3-stop teleportation journey
  5514 | D:5      | XOM: cloud trail
  5529 | D:5      | Found an opulent altar of Gozag.
  5630 | D:5      | Found Ciacs's Antique Armour Emporium.
  5635 | D:5      | Noticed Ijyb
  5643 | D:5      | Killed Ijyb
  5759 | D:5      | Noticed Grinder
  5769 | D:5      | Killed Grinder
  5770 | D:5      | Reached XP level 9. HP: 81/81 MP: 8/8
  5780 | D:5      | Bought a glowing kite shield for 150 gold pieces
  5890 | D:5      | Noticed Edmund
  5907 | D:5      | XOM: potion effect (invisibility)
  5928 | D:5      | Killed Edmund
  5929 | D:5      | Reached skill level 1 in Shields
  6019 | D:5      | XOM: silly message
  6112 | D:5      | XOM: silly message
  6153 | D:5      | XOM: noise
  6249 | D:6      | XOM: cast spell 'Leda's Liquefaction'
  6256 | D:6      | XOM: cast spell 'Summon Small Mammal'
  6470 | D:7      | XOM: cast spell 'Olgreb's Toxic Radiance'
  6477 | D:7      | XOM: cast spell 'Summon Small Mammal'
  6480 | D:7      | XOM: smoke on damage
  6481 | D:7      | XOM: potion effect (berserk rage)
  6578 | D:7      | Found a blossoming altar of Fedhas.
  6592 | D:7      | Found a flagged portal.
  6692 | Bailey   | Entered a bailey
  6697 | Bailey   | Noticed an orc warlord
  6741 | Bailey   | XOM: potion effect (might)
  6765 | Bailey   | Found a runed translucent gate.
  6767 | Bailey   | Reached skill level 10 in Fighting
  6767 | Bailey   | Reached XP level 10. HP: 94/94 MP: 9/9
  6768 | Bailey   | Found a runed translucent gate.
  6785 | Bailey   | XOM: summons 6 hostile demons
  6802 | Bailey   | Found a runed translucent gate.
  6924 | Bailey   | Killed an orc warlord
  6951 | Bailey   | Acquired 946 gold pieces
  6960 | Bailey   | Reached XP level 11. HP: 80/102 MP: 10/10
  6990 | Bailey   | XOM: cloud trail
  7093 | D:7      | Found a white marble altar of Elyvilon.
  7132 | D:7      | Found a staircase to the Ecumenical Temple.
  7161 | Temple   | Entered the Ecumenical Temple
  7246 | Temple   | Fell from the grace of Xom
  7246 | Temple   | Became a worshipper of Zin the Law-Giver
  7246 | Temple   | Reached * piety under Zin
  7246 | Temple   | Reached ** piety under Zin
  7609 | D:8      | Found a staircase to the Lair.
  7693 | D:7      | Reached XP level 12. HP: 60/110 MP: 11/11
  7700 | D:7      | Reached skill level 1 in Invocations
  7800 | D:7      | XOM: summons 3 hostile demons
  7848 | D:6      | XOM: god gift: wand of iceblast (6)
  8046 | D:8      | Reached *** piety under Zin
  8297 | D:8      | XOM: noise
  8426 | D:8      | Noticed a centaur warrior
  8433 | D:8      | Killed a centaur warrior
  8713 | D:8      | Noticed a two-headed ogre
  8725 | D:8      | Killed a two-headed ogre
  9580 | D:9      | Found a shimmering blue altar of Sif Muna.
  9591 | D:9      | Found an ancient bone altar of Kikubaaqudgha.
  9602 | D:9      | Found a radiant altar of Vehumet.
  9819 | D:9      | Found a runed translucent door.
  9821 | D:9      | Found a runed translucent door.
  9927 | D:10     | Entered Level 10 of the Dungeon
 10227 | D:10     | Found a burning altar of Makhleb.
 10262 | D:10     | Found an ornate altar of the Wu Jian Council.
 10262 | D:10     | Found a hazy altar of Hepliaklqana.
 10283 | D:10     | Found a runed translucent door.
 10404 | D:10     | Found a portal to a secret trove of treasure.
 10431 | D:10     | Identified the +1 ring mail "Ganycu Fitz" {Rampage Dex+4}
 10696 | D:10     | Noticed SkeletonJelly's ghost (journeyman DrMo)
 10740 | D:11     | Reached **** piety under Zin
 10900 | D:11     | XOM: 1-stop teleportation journey
 10969 | D:11     | XOM: 1-stop teleportation journey
 11041 | D:11     | Reached ***** piety under Zin
 11090 | D:11     | Identified the +1 leather armour of the Ageless Portals
                  | {rPois rC- Stlth+}
 11278 | D:11     | You fall into a shaft and drop 3 floors!
 11530 | D:14     | Noticed a boulder beetle
 11558 | D:14     | Reached skill level 5 in Invocations
 11604 | D:14     | XOM: 1-stop teleportation journey
 11635 | D:14     | Noticed a centaur warrior
 11640 | D:14     | Cast into level 2 of the Abyss (a wizard)
 11704 | Abyss:2  | Noticed a starcursed mass
 11767 | Abyss:3  | Noticed a starcursed mass
 11767 | Abyss:3  | XOM: summons 10 hostile demons
 11904 | Abyss:3  | Noticed a bone dragon
 12268 | Abyss:3  | Found a corrupted altar of Lugonu.
 12311 | Abyss:3  | Noticed an eidolon
 12321 | Abyss:3  | Noticed a frost giant
 12369 | Abyss:3  | Noticed a tentacled starspawn
 12561 | Abyss:3  | XOM: give mutation
 12612 | Abyss:3  | Noticed a great orb of eyes
 12642 | Abyss:3  | Slain by a large abomination

Illustrated notes

Levels and vault maps discovered:
D:1:      nicolae_arrival_somewhat_less_tricky_arrival, layout_loops_corners
D:2:      layout_loops_ring, serial_glass, glass_columns_a, glass_columns_c,
          basic_altar
D:3:      layout_loops_ring, portal_sewer_entry_a, uniq_natasha
D:4:      layout_gridville
D:5:      layout_loops_corners, nicolae_gozag_seed_capital, serial_shops,
          nicolae_shop_statue_plus, uniq_edmund, uniq_grinder,
          uniq_crazy_yiuf_cottage, uniq_ijyb
D:6:      layout_rooms, mainiacjoe_overflow_boulevard
D:7:      layout_basic, mainiacjoe_overflow_paths, mainiacjoe_overflow_catwalk,
          minmay_temple_entry_crystal_x, enter_bailey_4
D:8:      layout_loops_corners, david_lair_generic, minmay_small_thing
D:9:      lemuel_insect_pit, layout_irregular_city, palyth_temple_overflow_mages
D:10:     layout_irregular_city, pf_just_have_faith,
          chequers_temple_overflow_statue_of_worship, enter_trove_2,
          ebering_ghost_reflecting_pool
D:11:     layout_basic
D:14:     layout_gridville, nicolae_sextant, chei_slow_surprise
Temple:   nicolae_temple_hex_pool
Abyss:3:  base: D:12, evilmike_abyss_exit_13,
          grunt_abyss_rune_forest_and_sorcery, guppyfry_abyss_exit_imp_island,
          lemuel_flamethrower_2, hangedman_abyss_rune_macabre_mess

Skill      XL: |  1  2  3  4  5  6  7  8  9 10 11 12 |
---------------+-------------------------------------+-----
Maces & Flails | 4 5 6 7 8 10 14 | 14.2
Fighting       | 4 5 6 8 10 11 13 | 13.1
Armour         | 3 4 5 7 |  7.3
Shields        | 7 12 14 | 14.1
Invocations    | 6 |  6.0
Dodging        | |  1.1

Action                   |  1- 3 |  4- 6 |  7- 9 | 10-12 || total
-------------------------+-------+-------+-------+-------++-------
Melee: Mace              |    82 |    53 |       |       ||   135
       Headbutt          |    13 |    10 |    66 |   129 ||   218
       Quarterstaff      |       |    24 |    53 |       ||    77
       Flail             |       |       |   293 |   513 ||   806
Throw: Dart              |       |       |     7 |    17 ||    24
Invok: Vitalisation      |       |       |       |     9 ||     9
       Recite            |       |       |       |     7 ||     7
Evoke: Wand              |       |       |       |     3 ||     3
  Use: Scroll            |     5 |     2 |     3 |    12 ||    22
       Potion            |       |     4 |     2 |    10 ||    16
 Stab: Paralysed         |       |     1 |       |       ||     1
       Petrified         |       |       |     5 |       ||     5
       Invisible         |       |       |     3 |       ||     3
Armor: Leather armour    |     2 |       |       |       ||     2
       Chain mail        |    47 |    56 |   111 |       ||   214
       Plate armour      |       |       |   110 |   223 ||   333
Dodge: Dodged            |    31 |    31 |   119 |   110 ||   291
Block: Kite shield       |       |       |    65 |   300 ||   365
